 Dungeon Crawl Stone Soup version 0.24.1-1-gd1d2a07e1b (webtiles) character file.

Game seed: 8179301336278387707, levelgen mode: deterministic

927953 Lavandula the Eviscerator (level 26, -12/150 HPs)
             Began as a Felid Artificer on Dec 31, 2019.
             Was the Champion of Okawaru.
             Mangled by a bennu (13 damage)
             ... on level 3 of the Tomb of the Ancients on Apr 8, 2020.
             The game lasted 08:46:11 (73318 turns).

Lavandula the Eviscerator (Felid Artificer)        Turns: 73318, Time: 08:46:11

Health: -12/150    AC: 33    Str: 14      XL:     26   Next: 70%
Magic:  1/41       EV: 27    Int: 18 (19) God:    Okawaru [******]
Gold:   7018       SH:  0    Dex: 15      Spells: 5/71 levels left
                                        Lives:  0   Deaths: 8

rFire    + . .     SeeInvis +     - Unarmed
rCold    x . .     Gourm    .   (shield unavailable)
rNeg     + + +     Faith    .   (armour unavailable)
rPois    ∞         Spirit   .   (helmet unavailable)
rElec    +         Reflect  .   (cloak unavailable)
rCorr    .         Harm     .   (gloves unavailable)
MR       +++..                  (boots unavailable)
Stlth    ++++++++..             i - amulet "Hyronnar" {rF+ Regen+ Stlth+}
HPRegen  1.75/turn              o - +6 ring of protection
MPRegen  0.27/turn              L - ring of Doubt {+Blink rPois rC- rN+++ Stlth-}

@: statue-form, marked, slightly contaminated, starving, regenerating, slowed,
studying Hexes, deflect missiles, very slow
A: very small, no armour, no weapons or thrown items, stealth, claws 1, fangs 3,
rugged brown scales 1, see invisible, carnivore, clumsy 1, dopey 1, frail 1, low
mp 2, poison resistance, screaming 2, slow metabolism 1, strong 1, sharp paws
}: 14/15 runes: barnacled, slimy, silver, iron, obsidian, icy, bone, abyssal,
demonic, glowing, magical, fiery, dark, gossamer
a: End Transformation, Heroism, Finesse, Renounce Religion, Evoke Blink


You were on level 3 of the Tomb of the Ancients.
You worshipped Okawaru.
Okawaru was exalted by your worship.
You were starving.
You were a stone statue.
You visited 17 branches of the dungeon, and saw 85 of its levels.
You visited Pandemonium 1 time, and saw 15 of its levels.
You visited the Abyss 2 times.
You visited 1 bazaar.
You also visited: Sewer, Gauntlet, Ice Cave and Wizlab.

You collected 10387 gold pieces.
You spent 3369 gold pieces at shops.

Inventory:

Jewellery
 i - the amulet "Hyronnar" (around neck) {rF+ Regen+ Stlth+}
   (You found it on level 3 of the Tomb of the Ancients)

   [amulet of regeneration]

   It protects you from fire.
   It increases your rate of regeneration.
   It makes you more stealthy.
 n - the ring of Contentment {*Tele MR++ Dex+3}
   (You found it on level 3 of the Tomb of the Ancients)

   [ring of teleportation]

   It may teleport you next to monsters.
   It affects your dexterity (+3).
   It affects your resistance to hostile enchantments.
 o - a +6 ring of protection (left paw)
 p - the ring "Qoihe" {rN+ Str+2 Dex-2 Slay+6 Stlth+}
   (You found it on level 7 of the Iron City of Dis)

   [ring of stealth]

   It affects your strength (+2).
   It affects your dexterity (-2).
   It affects your accuracy and damage with ranged weapons and melee attacks
   (+6).
   It protects you from negative energy.
   It makes you more stealthy.
 q - the amulet of Roir {Acrobat Dex-4 Slay+2 SInv Stlth+}
   (You found it on level 8 of the Dungeon)

   [amulet of the acrobat]

   It helps you evade while moving and waiting.
   It affects your dexterity (-4).
   It affects your accuracy and damage with ranged weapons and melee attacks
   (+2).
   It lets you see invisible.
   It makes you more stealthy.
 t - the ring "Cemi" {rElec rC+ Str-5 Dex+6 SInv}
   (You found it in Pandemonium)

   [ring of protection from cold]

   It affects your strength (-5).
   It affects your dexterity (+6).
   It protects you from cold.
   It insulates you from electricity.
   It lets you see invisible.
 x - the ring of the Mage {Wiz MR++ Int+3}
   (You found it on level 3 of the Tomb of the Ancients)

   [ring of wizardry]

   It improves your spell success rate.
   It affects your intelligence (+3).
   It affects your resistance to hostile enchantments.
 C - an uncursed ring of protection from fire
 D - the ring of Past Mistakes {*Tele rElec rF+ Int-5}
   (You found it on level 5 of the Vaults)

   [ring of teleportation]

   It may teleport you next to monsters.
   It affects your intelligence (-5).
   It protects you from fire.
   It insulates you from electricity.
 J - an uncursed ring of resist corrosion
 K - an uncursed ring of wizardry
 L - the ring of Doubt (right paw) {+Blink rPois rC- rN+++ Stlth-}
   (You found it on level 5 of the Depths)

   [ring of attention]

   It makes you vulnerable to cold.
   It protects you from poison.
   It renders you almost immune to negative energy.
   It lets you blink.
   It makes you less stealthy.
Wands
 a - a wand of flame (45)
 b - a wand of enslavement (18)
 h - a wand of acid (44)
 z - a wand of paralysis (45)
 A - a wand of iceblast (31)
 B - a wand of polymorph (24)
 F - a wand of digging (13)
 I - a wand of clouds (2)
 R - a wand of disintegration (37)
Scrolls
 f - 5 scrolls of immolation
 g - 6 scrolls of amnesia
 j - 7 scrolls of teleportation
 r - 9 scrolls of fog
 u - 39 scrolls of remove curse
 v - a scroll of magic mapping
 W - 4 scrolls of torment
 X - 2 scrolls of silence
Potions
 k - 8 potions of lignification
 l - 7 potions of agility
 m - 10 potions of brilliance
 s - 8 potions of curing
 w - 5 potions of magic
 E - 4 potions of resistance
 G - 3 potions of ambrosia
 O - 9 potions of might
 P - a potion of haste
 T - a potion of cancellation
 V - 5 potions of invisibility
Books
 N - a manual of Hexes
Miscellaneous
 c - a lamp of fire (inert)
 y - 4 sacks of spiders
 H - the horn of Geryon
 M - 2 phantom mirrors
 S - a lightning rod (4/4)
 U - a phial of floods
 Z - 4 boxes of beasts
Comestibles
 d - 6 rations


   Skills:
 - Level 17.5 Fighting
 - Level 12.1 Dodging
 - Level 21.6 Stealth
 - Level 24.6 Unarmed Combat
 + Level 23.0 Spellcasting
 - Level 11.6 Conjurations
 - Level 12.4 Hexes
 - Level 8.1 Charms
 - Level 14.8 Summonings
 - Level 16.0 Necromancy
 - Level 19.1 Translocations
 - Level 18.4 Transmutations
 - Level 8.8 Air Magic
 - Level 5.7 Earth Magic
   Level 5.2 Poison Magic
 - Level 10.1 Invocations
 - Level 14.9 Evocations


You had 5 spell levels left.
You knew the following spells:

 Your Spells              Type           Power        Failure   Level  Hunger
a - Blink                 Tloc           N/A          0%          2    None
b - Spellforged Servitor  Conj/Summ      ######....   8%          7    #####..
c - Shroud of Golubria    Chrm/Tloc      ######       0%          2    None
d - Regeneration          Chrm/Necr      ######....   1%          3    None
e - Controlled Blink      Tloc           N/A          5%          8    #######
f - Irradiate             Conj/Tmut      ######....   1%          5    None
g - Apportation           Tloc           ######       0%          1    None
h - Infestation           Necr           ######....   19%         8    #######
i - Summon Butterflies    Summ           ######..     0%          1    None
j - Passage of Golubria   Tloc           N/A          0%          4    None
k - Deflect Missiles      Chrm/Air       ######....   10%         6    ####...
l - Haunt                 Necr/Summ      ######....   3%          7    #####..
m - Statue Form           Tmut/Erth      ######...    2%          6    ####...
n - Iron Shot             Conj/Erth      ######....   9%          6    ####...

Your spell library contained the following spells:

 Spells                   Type           Power        Failure   Level  Hunger
 Animate Skeleton         Necr           N/A          0%          1    None
 Beastly Appendage        Tmut           ######       0%          1    None
 Confusing Touch          Hex            ######       0%          1    None
 Corona                   Hex            ######.      0%          1    None
 Pain                     Necr           ####         0%          1    None
 Summon Small Mammal      Summ           ####         0%          1    None
 Call Imp                 Summ           ######..     0%          2    None
 Corpse Rot               Necr           N/A          0%          2    None
 Sticks to Snakes         Tmut           ######..     0%          2    None
 Sublimation of Blood     Necr           ######....   0%          2    None
 Call Canine Familiar     Summ           ######..     0%          3    None
 Gell's Gravitas          Tloc           ######....   0%          3    None
 Lesser Beckoning         Tloc           ######....   0%          3    None
 Recall                   Summ/Tloc      N/A          0%          3    None
 Teleport Other           Tloc           ######..     0%          3    None
 Vampiric Draining        Necr           ######....   0%          3    None
 Flame Tongue             Conj/Fire      #####        1%          1    None
 Infusion                 Chrm           ####         1%          1    None
 Magic Dart               Conj           ####         1%          1    None
 Sandblast                Erth           #####.       1%          1    None
 Shock                    Conj/Air       ####         1%          1    None
 Sting                    Conj/Pois      ####         1%          1    None
 Ensorcelled Hibernation  Hex/Ice        #####.       1%          2    None
 Passwall                 Tmut/Erth      ######..     1%          2    None
 Poisonous Vapours        Pois/Air       #####.       1%          2    None
 Slow                     Hex            ######..     1%          2    None
 Song of Slaying          Chrm           ######..     1%          2    None
 Swiftness                Chrm/Air       ######..     1%          2    None
 Throw Flame              Conj/Fire      #####.       1%          2    None
 Confuse                  Hex            ######..     1%          3    None
 Conjure Flame            Conj/Fire      #####...     1%          3    None
 Dazzling Spray           Conj/Hex       ######       1%          3    None
 Ignite Poison            Fire/Tmut/Pois #####...     1%          3    None
 Inner Flame              Hex/Fire       #####...     1%          3    None
 Mephitic Cloud           Conj/Pois/Air  ######..     1%          3    None
 Ozocubu's Armour         Chrm/Ice       #####...     1%          3    None
 Spider Form              Tmut/Pois      ######....   1%          3    None
 Static Discharge         Conj/Air       ######..     1%          3    None
 Stone Arrow              Conj/Erth      ######       1%          3    None
 Tukima's Dance           Hex            ######..     1%          3    None
 Airstrike                Air            ######....   1%          4    None
 Animate Dead             Necr           N/A          1%          4    None
 Cause Fear               Hex            ######....   1%          4    None
 Force Lance              Conj/Tloc      ######..     1%          4    None
 Fulminant Prism          Conj/Hex       ######....   1%          4    None
 Ice Form                 Ice/Tmut       ######..     1%          4    None
 Iskenderun's Mystic Bla  Conj           ######..     1%          4    None
 Leda's Liquefaction      Hex/Erth       ######....   1%          4    None
 Petrify                  Tmut/Erth      ######..     1%          4    None
 Sticky Flame             Conj/Fire      #####...     1%          4    None
 Summon Ice Beast         Ice/Summ       #####...     1%          4    None
 Agony                    Necr           ######..     1%          5    None
 Alistair's Intoxication  Tmut/Pois      ######..     1%          5    None
 Blade Hands              Tmut           ######....   1%          5    None
 Bolt of Draining         Conj/Necr      ######....   1%          5    None
 Borgnjor's Vile Clutch   Necr/Erth      ######....   1%          5    None
 Dispel Undead            Necr           ######..     1%          5    None
 Lightning Bolt           Conj/Air       ######....   1%          5    None
 Silence                  Hex/Air        ######....   1%          5    None
 Summon Demon             Summ           ######....   1%          5    None
 Summon Mana Viper        Hex/Summ       ######..     1%          5    None
 Venom Bolt               Conj/Pois      ######....   1%          5    None
 Yara's Violent Unravell  Hex/Tmut       ######....   1%          5    None
 Olgreb's Toxic Radiance  Pois           #####...     2%          4    None
 Metabolic Englaciation   Hex/Ice        #####.....   4%          5    None
 Bolt of Magma            Conj/Fire/Erth #####.....   5%          5    None
 Fireball                 Conj/Fire      #####.....   5%          5    None
 Lee's Rapid Deconstruct  Erth           #####.....   5%          5    None
 Death Channel            Necr           ######....   1%          6    ####...
 Dispersal                Tloc           ######....   1%          6    ####...
 Invisibility             Hex            ######..     1%          6    ####...
 Dragon Form              Tmut           ######....   1%          7    #####..
 Summon Hydra             Summ           ######....   4%          7    #####..
 Disjunction              Tloc           ######....   5%          8    #######
 Simulacrum               Ice/Necr       #####.....   12%         6    ####...
 Necromutation            Tmut/Necr      ######....   12%         8    #######
 Freezing Cloud           Conj/Ice/Air   #####.....   19%         6    ####...
 Borgnjor's Revivificati  Necr           ######....   19%         8    #######
 Bolt of Cold             Conj/Ice       #####.....   28%         6    ####...
 Bolt of Fire             Conj/Fire      #####.....   28%         6    ####...
 Discord                  Hex            ######....   65%         8    #######
 Death's Door             Chrm/Necr      ######....   67%         8    #######
 Ozocubu's Refrigeration  Ice            ###.......   97%         6    ####...
 Ring of Flames           Chrm/Fire      #####.....   98%         7    #####..
 Dragon's Call            Summ           ######....   99%         9    #######
 Ignition                 Fire           ###.......   100%        8    #######
 Shatter                  Erth           #####.....   100%        9    #######
 Tornado                  Air            ######....   100%        9    #######
 Portal Projectile        Hex/Tloc       Unusable     N/A         3    N/A
 Spectral Weapon          Hex/Chrm       Unusable     N/A         3    N/A
 Excruciating Wounds      Chrm/Necr      Unusable     N/A         5    N/A

Dungeon Overview and Level Annotations

Branches:
Dungeon (15/15)            Temple (0/1) D:6            Lair (6/6) D:11
 Shoals (4/4) Lair:2       Spider (4/4) Lair:2        Slime (5/5) Lair:5
    Orc (2/2) D:12            Elf (3/3) Orc:2        Vaults (5/5) D:14
  Crypt (3/3) Vaults:3       Tomb (3/3) Crypt:3      Depths (5/5) D:15
   Hell (visited)             Dis (7/7) Hell            Geh (7/7) Hell
    Coc (7/7) Hell            Tar (7/7) Hell            Zot (4/5) Depths:5
  Sewer (visited)           IceCv (visited)          WizLab (visited)
Gauntlet (visited)

Altars:
Ashenzari
Dithmenos
Elyvilon
Fedhas
Gozag
Kikubaaqudgha
Nemelex Xobeh
Okawaru
Qazlal
Trog
Wu Jian
Yredelemnul
Zin
Beogh
Jiyva

Shops:
D:12 =   D:14 *   Orc:2 :*[(   Elf:2 !   Vaults:2 [   Vaults:5 =}(
Depths:1 *[*!

Portals:
Hell: Depths:1 Depths:2 Depths:3 Depths:4 Depths:5
Abyss: Depths:1 Depths:4
Pandemonium: Depths:3 Depths:4
Ziggurat: Tomb:3 Depths:2

Annotations:
D:5 5 runed translucent doors
D:7 Crazy Yiuf
Lair:6 exclusion: 3 oklob plants
Shoals:1 exclusion: obsidian statue
Shoals:2 Polyphemus
Elf:3 3 runed translucent doors, Emab's ghost, journeyman TrBe
Depths:2 3 runed translucent doors
Depths:5 exclusion: orange crystal statue, Margery
Tar:7 Serpent of Hell


Innate Abilities, Weirdness & Mutations

You cannot wear armour.
You are incapable of wielding weapons or throwing items.
Your paws allow you to move quietly. (Stealth)
You have sharp claws.
You have razor-sharp teeth.
You have supernaturally acute eyesight. (SInv)
You are carnivorous and can eat meat at any time.
((You cover ground quickly.))
((Your thick and shaggy fur keeps you warm. (AC +3, rC+)))
You have a slow metabolism.
Your sharp claws are effective at attacking unaware monsters.
(You are partially covered in rugged brown scales. (AC +1, +3% HP))
You are clumsy. (Dex -2)
You are dopey. (Int -2)
You are frail. (-10% HP)
Your magical capacity is very low. (-20% MP)
Your system is resistant to poisons. (rPois)
You sometimes yell uncontrollably at your foes.
Your muscles are strong. (Str +2)


Message History

The death scarab blinks! x2; The wight blinks!
The ushabti blinks!
The mummy priest blinks!
The wraith blinks!
The ushabti blinks!
The wraith blinks!
The wight blinks!
The guardian mummy blinks!
You blink.
The death scarab blinks!
The death scarab completely misses you. The death scarab bites you.
* * * LOW HITPOINT WARNING * * *
The death scarab drains your vigour!
You feel as though you will be slow longer.
The bennu jubilantly flits about.
The death scarab closely misses you. The death scarab bites you.
* * * LOW HITPOINT WARNING * * *
The death scarab drains your vigour!
You feel as though you will be slow longer.
The guardian mummy enters a dispersal trap!
The wraith blinks! x2; The guardian mummy blinks!
The death scarab blinks! x2
The bennu blinks!
The death scarab blinks!
The ushabti blinks!
The death scarab blinks! x2; You blink.
The guardian mummy blinks!
The bennu pecks you but does no damage. The bennu misses you.
The bennu claws you!
You die...

###.§§§##.......,,,,,,,,,*
###...§§§.##.s8...,,,,,,,,##
#........§.##.s....%..,,,##s
##.§§.......<##...!.....,##§s
#...§.§§.§....##s...$...##sss
#..§§....§§....##...8.M##sssM
#:.[..§.§§§.§§.##...8..##MsM.
#)|.......§.....#....8.#.8...
#)[)|§M:8.§b8...#..8.8M#.....
##).)}§§.§M..§§.+...8..8s...$
##.)[.}..z.....#...MzM#8...$
##)|.[)....8..#...^s.#...^.
##)|..s.....##......##..($
##.s.......##......##..%$
##}}.....###......###$$$
##|....## #....§.# ##$$
******* ######## *##


You could see a bennu, a mummy priest, a guardian mummy, 2 ushabtiu, 2 death
scarabs and a wight.

Vanquished Creatures
  Cerebov (Pan)
  Antaeus (Coc:7)
  Asmodeus (Geh:7)
  Ereshkigal (Tar:7)
  the Royal Jelly (Slime:5)
  A seraph (Pan)
  Lom Lobon (Pan)
  Mnoleg (Pan)
  Dispater (Dis:7)
  Mara (Depths:1)
  2 ancient liches
  20 greater mummies
  9 shard shrikes (Coc:7)
  2 curse toes
  3 caustic shrikes (Depths:5)
  Geryon (Hell)
  3 golden dragons
  Nikola (Elf:2)
  2 doom hounds
  An electric golem (Zot:2)
  Arachne (Spider:2)
  A hellephant (Hell)
  13 Tzitzimimeh
  8 liches
  8 Brimstone Fiends
  15 tentacled monstrosities
  7 bone dragons
  4 Hell Sentinels (Dis:7)
  Jorgrun (Spider:2)
  14 Ice Fiends
  Asterion (Vaults:2)
  Frances (D:12)
  23 acid blobs
  5 quicksilver dragons
  3 titans
  7 sphinxes
  19 Executioners (Pan)
  Agnes (D:14)
  6 ancient champions
  Gastronok (Lair:2)
  12 shadow dragons
  2 storm dragons
  A tengu reaver (Vaults:5)
  Donald (Shoals:4)
  4 daevas (Pan)
  3 draconian monks
  10 fire giants
  3 deep elf sorcerers
  A revenant (Crypt:3)
  A blood saint (Pan)
  4 iron dragons
  10 azure jellies
  5 ghost moths
  11 frost giants
  13 vault wardens
  5 deep elf elementalists
  7 cacodemons
  3 curse skulls
  2 draconian knights
  8 angels (Pan)
  14 balrugs
  2 draconian shifters
  An orc warlord (Orc:2)
  5 emperor scorpions
  22 reapers
  4 draconian annihilators
  14 war gargoyles
  11 ophanim (Pan)
  15 stone giants
  16 very ugly things
  5 ghouls
  6 ironheart preservers
  8 apis (Pan)
  An elemental wellspring (Coc:7)
  5 entropy weavers
  9 vampire knights
  Azrael (D:13)
  A black draconian (Zot:1)
  Nessos (D:14)
  5 dire elephants (Depths:2)
  3 black suns (Pan)
  3 green draconians
  3 purple draconians
  6 lorocyprocas (Pan)
  5 bennus
  3 white draconians
  A deep elf demonologist (Depths:4)
  A yellow draconian (Zot:3)
  3 deep elf annihilators
  3 red draconians
  A minotaur (Gauntlet)
  5 green deaths (Pan)
  13 spark wasps
  15 blizzard demons
  13 ettins
  15 mummy priests
  4 deep elf death magi
  The ghost of Dumidips the Black Belt, a journeyman OpMo of Makhleb (Lair:2)
  3 quicksilver dragon zombies
  5 death oozes
  Snorg (D:14)
  Josephine (D:10)
  3 merfolk javelineers
  6 fire dragons
  6 jiangshi
  A kraken zombie (Coc:6)
  5 merfolk impalers
  3 eidola
  2 deep elf high priests
  8 rakshasas
  11 great orbs of eyes
  Erolcha (D:10)
  15 yaktaur captains
  20 vault guards
  4 quicksilver dragon skeletons
  A catoblepas (D:13)
  2 hell beasts
  2 monstrous demonspawn (Pan)
  18 ice dragons
  A merfolk avatar (Shoals:2)
  3 death knights
  7 hydras
  A spriggan air mage (Depths:3)
  12 centaur warriors
  Erica (Lair:2)
  4 merfolk aquamancers
  A satyr (Shoals:2)
  15 dancing weapons
  7 ogre magi
  3 tengu warriors
  23 two-headed ogres
  An alligator snapping turtle (Shoals:1)
  A queen ant (Lair:4)
  Urug (D:10)
  27 death scarabs
  6 vampire magi
  A death yak (Shoals:3)
  3 orc high priests (Orc:2)
  5 deep troll earth magi
  4 titan zombies
  9 deep troll shamans
  10 hell hogs
  4 spriggan berserkers
  15 deep elf knights
  A titan skeleton (Tar:3)
  3 storm dragon zombies
  11 iron golems
  21 soul eaters
  20 sun demons
  3 storm dragon skeletons
  44 skeletal warriors
  2 golden dragon zombies
  A fire crab (shapeshifter) (Depths:1)
  A wretched star (Abyss:3)
  21 shadow wraiths
  A spark wasp zombie (WizLab)
  6 iron trolls
  2 torturous demonspawn
  7 sea snakes
  5 sixfirhies (Pan)
  A glowing orange brain (shapeshifter) (D:13)
  4 anaconda zombies
  4 starcursed masses (Abyss:3)
  32 deep trolls
  13 unseen horrors
  13 cherubim (Pan)
  9 shadow demons
  A deep troll (shapeshifter) (Vaults:5)
  19 hell knights
  2 sphinx zombies (WizLab)
  2 swamp dragons (shapeshifter)
  4 golden dragon skeletons
  7 flayed ghosts
  20 deep elf archers
  8 glowing orange brains
  7 wizards
  15 phantasmal warriors
  A harpy (shapeshifter) (Vaults:1)
  9 ironbrand convokers
  A spectral wolf spider (Spider:4)
  2 wolf spider zombies
  Pikel (D:6)
  4 shadow dragon zombies
  14 orc knights
  3 anaconda skeletons
  A frost giant zombie (Dis:6)
  An iron dragon zombie (Tar:7)
  10 necromancers
  5 stone giant zombies
  50 deep elf magi
  17 harpies
  11 orb spiders
  3 shining eyes
  3 shadow dragon skeletons
  45 ugly things
  3 fire giant zombies
  7 cyclopes
  19 wolf spiders
  3 oklob plants (Lair:5)
  10 manticores
  8 orc sorcerers
  2 worldbinders (Abyss:3)
  12 moths of wrath
  7 fauns (Shoals:2)
  30 elephants
  4 fire giant skeletons
  A demonspawn zombie (WizLab)
  18 rust devils
  3 frost giant skeletons
  8 molten gargoyles
  7 black mambas
  5 stone giant skeletons
  3 storm dragon simulacra
  3 ice statues
  10 merfolk sirens
  Maurice (Orc:2)
  4 titan simulacra (Coc:7)
  3 water nymphs
  4 iron dragon skeletons
  14 vault sentinels
  An eye of devastation (Slime:3)
  A centaur skeleton (D:13)
  10 smoke demons
  2 torpor snails (shapeshifter)
  A torpor snail (Spider:3)
  A spectral swamp worm (Depths:3)
  2 dire elephant zombies
  2 dire elephant skeletons
  7 orange demons (Pan)
  2 gargoyles
  21 spiny frogs
  18 hellions
  3 spectral redbacks (Spider:4)
  18 freezing wraiths
  3 efreet
  A yaktaur (shapeshifter) (Vaults:1)
  A rime drake (Gauntlet)
  8 komodo dragons
  34 yaktaurs
  A green draconian zombie (Crypt:3)
  2 catoblepas zombies
  13 tormentors
  A human zombie (Vaults:3)
  19 demonic crawlers
  A redback zombie (Spider:4)
  8 hydra zombies
  5 anaconda simulacra
  A kobold demonologist (D:15)
  4 hellwings (Pan)
  3 tengu conjurers
  14 ice devils
  A harpy zombie (Geh:7)
  15 red devils
  19 jumping spiders
  2 golden dragon simulacra (IceCv)
  16 guardian mummies
  An ancient zyme (Abyss:3)
  A merfolk (shapeshifter) (D:15)
  31 merfolk
  7 trolls
  8 hornets
  3 meliai (Spider:3)
  4 tyrant leeches (Lair:6)
  A queen bee (shapeshifter) (Abyss:3)
  4 wind drakes
  2 polar bears
  A human skeleton (Vaults:3)
  A hornet (shapeshifter) (Elf:3)
  2 fire dragon zombies
  2 meliai (shapeshifter)
  A shadow dragon simulacrum (Tomb:1)
  A spectral jumping spider (Spider:4)
  7 dream sheep (Lair:5)
  A hippogriff (shapeshifter) (Depths:3)
  2 spectral tarantellas (Spider:4)
  A fire giant simulacrum (Coc:1)
  5 alligator zombies
  22 blink frogs
  5 snapping turtles
  An iron dragon simulacrum (Coc:7)
  2 tarantella zombies (Spider:4)
  17 hippogriffs
  5 hydra skeletons
  2 raiju
  3 ice dragon zombies
  91 slime creatures
  A snapping turtle (shapeshifter) (Vaults:1)
  8 ettin zombies
  A tarantella (shapeshifter) (Vaults:4)
  46 redbacks
  2 jumping spider zombies (Spider:4)
  18 water elementals
  3 ice dragon skeletons
  A spriggan (shapeshifter) (Vaults:1)
  2 ettin skeletons
  55 flying skulls
  A spriggan (Depths:3)
  4 air elementals
  2 deep troll zombies (WizLab)
  8 shadows
  22 tarantellas
  3 fire dragon skeletons
  15 yaks
  6 vampires
  5 basilisks
  A basilisk (shapeshifter) (Vaults:3)
  11 fire elementals
  4 wyverns
  A black mamba zombie (Geh:7)
  3 death yak simulacra (IceCv)
  17 wraiths
  6 ynoxinuls (Pan)
  Eustachio (D:4)
  25 large abominations
  2 ushabtiu
  A human (D:14)
  An elf zombie (WizLab)
  A steam dragon (shapeshifter) (Depths:3)
  4 chaos spawn (Pan)
  An orc simulacrum (Vaults:2)
  A black mamba skeleton (Pan)
  10 neqoxecs
  10 golden eyes
  10 hungry ghosts
  3 wargs
  19 vampire mosquitoes
  2 harpy simulacra (IceCv)
  A tengu zombie (WizLab)
  20 soldier ants (Lair:4)
  An acid dragon (Vaults:2)
  3 spiny frog zombies
  6 iron troll simulacra (IceCv)
  A floating eye (shapeshifter) (Depths:4)
  9 water moccasins
  2 soldier ants (shapeshifter)
  3 floating eyes
  Duvessa (D:5)
  18 hell hounds
  4 hydra simulacra
  A water moccasin (shapeshifter) (Vaults:3)
  4 porcupines
  4 phantoms
  42 orc warriors
  8 ice beasts
  5 snapping turtle zombies
  3 eyes of draining
  3 black bears
  A black bear (shapeshifter) (D:13)
  10 necrophages
  A spiny frog skeleton (Coc:7)
  An elephant zombie (Crypt:2)
  4 sky beasts
  An alligator simulacrum (Hell)
  25 ogres
  10 boggarts
  An eye of draining (shapeshifter) (Abyss:3)
  5 ettin simulacra
  3 wolves (Lair:2)
  15 centaurs
  14 crocodiles
  2 snapping turtle skeletons
  A hippogriff zombie (Crypt:3)
  A manticore skeleton (Geh:7)
  2 swamp dragon skeletons
  A yaktaur zombie (WizLab)
  7 big kobolds
  A gnoll sergeant (D:12)
  A wyvern zombie (D:9)
  27 bullfrogs
  3 earth elementals
  A spiny frog simulacrum (Hell)
  2 water moccasin zombies
  5 scorpions
  A water moccasin skeleton (D:11)
  Dowan (D:5)
  A spriggan zombie (Geh:4)
  A snapping turtle simulacrum (Crypt:3)
  A wyvern skeleton (D:12)
  40 wights
  3 electric eels
  3 howler monkeys
  12 crimson imps
  4 bullfrog zombies
  A draconian simulacrum (IceCv)
  A human simulacrum (Vaults:3)
  5 centaur zombies
  A quasit (Abyss:3)
  9 jellies
  6 hounds
  23 orc priests
  A bullfrog skeleton (D:9)
  34 orc wizards
  4 iron imps
  6 iguanas
  26 worker ants
  4 troll simulacra (IceCv)
  A felid skeleton (Crypt:2)
  3 centaur simulacra (IceCv)
  36 mummies
  A worker ant zombie (Crypt:2)
  17 adders
  5 gnolls (D:12)
  A howler monkey skeleton (D:6)
  2 ogre simulacra (IceCv)
  2 river rats
  6 naga simulacra (IceCv)
  7 shadow imps
  12 white imps
  7 ufetubi
  2 oozes
  A lava snake skeleton (Crypt:3)
  10 worms
  6 dart slugs
  6 leopard geckos
  117 orcs
  3 ball pythons (Sewer)
  9 bats
  3 giant cockroaches
  3 gnoll zombies
  7 goblins
  8 hobgoblins
  12 jackals
  7 quokkas
  4 frilled lizards
  A giant cockroach zombie (D:5)
  A jackal skeleton (D:8)
  A jackal zombie (D:5)
  40 kobolds
  An orc skeleton (Geh:4)
  6 rats
  5 plants
  2 tentacles
3165 creatures vanquished.

Vanquished Creatures (collateral kills)
  Gloorx Vloq (Pan)
  3 ancient liches
  3 greater mummies (Tomb:1)
  A shard shrike (Coc:7)
  Bai Suzhen (Spider:4)
  A caustic shrike (Depths:5)
  2 golden dragons (Vaults:5)
  2 bone dragons (Crypt:3)
  3 Brimstone Fiends
  A doom hound (Tar:5)
  2 Tzitzimimeh (Tar:7)
  An iron giant (Dis:1)
  4 tentacled monstrosities
  5 liches
  2 Ice Fiends
  A titan (Depths:4)
  A deep elf master archer (Depths:1)
  An Executioner (Pan)
  5 sphinxes (Tomb:1)
  5 ancient champions
  An eldritch tentacle (Geh:7)
  4 storm dragons
  7 shadow dragons
  3 tengu reavers
  A revenant (Crypt:3)
  2 fire giants
  2 iron dragons
  2 vault wardens (Vaults:5)
  4 balrugs
  An orc warlord (Depths:1)
  An emperor scorpion (Spider:4)
  4 frost giants
  2 ghost moths (Spider:4)
  Louise (Spider:4)
  A draconian shifter (Zot:2)
  A cacodemon (Pan)
  12 reapers
  5 ironheart preservers (Vaults:5)
  A draconian annihilator (Pan)
  7 war gargoyles
  3 stone giants
  An entropy weaver (Spider:4)
  2 very ugly things
  2 vampire knights
  3 bennus (Tomb:2)
  An apis (Pan)
  2 deep elf demonologists
  A green draconian (Depths:5)
  A deep elf annihilator (Pan)
  A purple draconian (Depths:1)
  2 spark wasps
  A black draconian (Depths:1)
  4 ettins
  3 mummy priests (Tomb:1)
  A merfolk javelineer (Depths:1)
  A green death (Pan)
  A deep elf death mage (Crypt:2)
  2 blizzard demons (Pan)
  A jiangshi (Tar:3)
  2 fire dragons
  3 quicksilver dragon zombies
  A merfolk impaler (Depths:1)
  3 great orbs of eyes
  A deep elf high priest (Vaults:5)
  2 yaktaur captains (Vaults:5)
  2 quicksilver dragon skeletons
  13 vault guards
  9 ice dragons
  A rakshasa (Pan)
  A ghost crab (Tar:7)
  A deep troll shaman (Depths:4)
  13 two-headed ogres
  An ogre mage (Depths:4)
  23 death scarabs
  A hell hog (Geh:4)
  2 titan zombies
  A deep troll earth mage (Depths:4)
  A tengu warrior (Depths:3)
  4 large abominations (Pan)
  14 sun demons
  A storm dragon zombie (Geh:4)
  11 hell knights
  3 iron golems
  9 soul eaters
  7 iron trolls
  2 titan skeletons
  25 skeletal warriors
  A shadow wraith (Tar:7)
  2 golden dragon zombies
  4 shadow demons
  6 deep trolls
  5 anaconda zombies
  2 anaconda skeletons
  4 flayed ghosts
  7 phantasmal warriors
  4 ironbrand convokers (Vaults:5)
  11 necromancers
  A deep elf archer (Elf:3)
  9 orb spiders
  2 wolf spider zombies
  6 deep elf magi
  A shadow dragon skeleton (Tar:7)
  13 wolf spiders
  An iron dragon zombie (Geh:7)
  A salamander (Depths:3)
  2 fire giant zombies
  A stone giant zombie (Tar:3)
  2 frost giant zombies
  2 ugly things
  2 dire elephant zombies (Geh:7)
  8 rust devils
  3 fire giant skeletons
  An elephant (shapeshifter) (Vaults:5)
  4 frost giant skeletons
  2 stone giant skeletons
  2 shock serpent skeletons
  4 molten gargoyles (Geh:7)
  A smoke demon (Geh:4)
  2 dire elephant skeletons
  A vault sentinel (Vaults:5)
  4 spectral swamp worms (Depths:3)
  3 demonic crawlers
  An efreet (Pan)
  2 emperor scorpion zombies
  3 hellions
  2 spectral redbacks (Spider:4)
  4 yaktaurs
  A golden dragon simulacrum (Crypt:3)
  5 tormentors
  13 guardian mummies
  A harpy zombie (Tar:5)
  A silent spectre (Tar:7)
  A catoblepas skeleton (Geh:7)
  8 red devils
  5 ice devils
  9 jumping spiders
  3 hydra zombies
  A hornet (Spider:4)
  A guardian serpent zombie (Crypt:2)
  A tengu simulacrum (Vaults:5)
  5 alligator zombies
  2 hydra skeletons
  2 slime creatures (Depths:1)
  3 ettin zombies
  A stone giant simulacrum (Hell)
  A fire dragon zombie (Coc:1)
  An ice dragon zombie (Crypt:3)
  A jumping spider zombie (Spider:4)
  15 flying skulls
  12 tarantellas
  5 ettin skeletons
  3 ynoxinuls (Pan)
  6 shadows
  4 wraiths
  A vampire (Crypt:3)
  3 ice dragon skeletons (Coc:7)
  27 redbacks
  2 black mamba zombies
  An ushabti (Tomb:3)
  A fire dragon skeleton (Dis:7)
  A tyrant leech zombie (Crypt:2)
  8 fire elementals
  A black mamba skeleton (Geh:4)
  A yaktaur simulacrum (Vaults:5)
  4 neqoxecs (Pan)
  A spatial vortex (Geh:7)
  A hydra simulacrum (Coc:6)
  15 hell hounds
  A floating eye (Depths:4)
  A spiny frog zombie (Dis:7)
  2 ice beasts (Coc:1)
  A torturous demonspawn skeleton (Crypt:2)
  2 manticore zombies
  A snapping turtle zombie (Coc:3)
  8 necrophages
  A phantom (Tar:5)
  2 ogres
  A blink frog skeleton (Crypt:2)
  A swamp dragon skeleton (Geh:1)
  A hippogriff skeleton (Crypt:2)
  A wyvern zombie (Crypt:2)
  A scorpion (D:9)
  23 wights
  A troll skeleton (Coc:7)
  A crimson imp (Depths:3)
  A centaur zombie (Dis:1)
  A human zombie (Geh:4)
  An orc wizard (Depths:1)
  2 iron imps
  A naga skeleton (Coc:7)
  14 mummies
  A shadow imp (Tar:2)
  4 white imps
  An ufetubus (Depths:3)
  A ball lightning (Pan)
  An orc (Depths:1)
  A kobold simulacrum (Coc:3)
  A rat (D:4)
  A river rat skeleton (Crypt:3)
691 creatures vanquished.

Vanquished Creatures (others)
  2 eldritch tentacles
  A draconian annihilator (Pan)
  2 elemental wellsprings (Coc:7)
  A yaktaur captain (Vaults:3)
  A merfolk impaler (Shoals:4)
  A vault guard (Vaults:5)
  2 death scarabs
  A dancing weapon (Elf:1)
  A deep elf knight (Elf:1)
  A soul eater (Tar:7)
  An ironbrand convoker (Vaults:3)
  A spectral wolf spider (Spider:4)
  3 deep elf archers
  6 deep elf magi
  A rust devil (Hell)
  A molten gargoyle (Geh:7)
  2 red devils
  A troll (D:9)
  A merfolk (Shoals:4)
  A water elemental (Elf:1)
  A fire bat (Pan)
  A fire elemental (Geh:4)
  A hell hound (Hell)
  2 ogres
  A bullfrog (D:13)
  2 adders
  9 ball lightnings (Pan)
  An orc zombie (Geh:4)
  A bush (Lair:6)
  2 fire vortices
  7 fungi
  30 plants
  14 tentacles
103 creatures vanquished.

Grand Total: 3959 creatures vanquished

Notes
Turn   | Place    | Note
-------+----------+-------------------------------------------
     0 | D:1      | Lavandula the Felid Artificer began the quest for the Orb.
     0 | D:1      | Reached XP level 1. HP: 9/9 MP: 4/4
   175 | D:1      | Reached skill level 2 in Unarmed Combat
   187 | D:1      | Reached XP level 2. HP: 9/12 MP: 5/5
  1131 | D:2      | Reached skill level 3 in Unarmed Combat
  1174 | D:2      | Reached XP level 3. HP: 13/15 MP: 6/6
  2216 | D:1      | nice
  2330 | D:1      | Reached XP level 4. HP: 17/19 MP: 7/7
  2396 | D:1      | Reached skill level 4 in Unarmed Combat
  2917 | D:3      | Found an iron altar of Okawaru.
  2940 | D:3      | Found an opulent altar of Gozag.
  2940 | D:3      | Found a bloodstained altar of Trog.
  2947 | D:3      | Became a worshipper of Warmaster Okawaru
  3017 | D:3      | Found an ornate altar of the Wu Jian Council.
  3048 | D:3      | Found a white marble altar of Elyvilon.
  3155 | D:3      | Reached XP level 5. HP: 22/22 MP: 8/8
  3261 | D:4      | Reached skill level 5 in Unarmed Combat
  3270 | D:4      | Found a shattered altar of Ashenzari.
  3308 | D:4      | Noticed a phantom
  3495 | D:4      | Noticed a phantom
  3564 | D:4      | Noticed Eustachio
  3620 | D:4      | Killed Eustachio
  3620 | D:4      | Reached skill level 6 in Unarmed Combat
  3620 | D:4      | Gained mutation: You are covered in thick fur. (AC +2)
                  | [Felid growth]
  3620 | D:4      | Reached XP level 6. HP: 10/25 MP: 9/9
  3646 | D:4      | Reached * piety under Okawaru
  3711 | D:4      | Found a glowing drain.
  3715 | Sewer    | Entered a sewer
  4260 | D:4      | Reached skill level 7 in Unarmed Combat
  4455 | D:4      | Found a basalt altar of Yredelemnul.
  4540 | D:5      | Entered Level 5 of the Dungeon
  4545 | D:5      | Found a runed translucent door.
  4545 | D:5      | Noticed a soldier ant
  4545 | D:5      | Noticed a soldier ant
  4545 | D:5      | Noticed a soldier ant
  4546 | D:5      | Noticed a soldier ant
  4547 | D:5      | Noticed a soldier ant
  4594 | D:5      | Reached XP level 7. HP: 24/28 MP: 10/10
  5025 | D:5      | Found the +9 staff of Olgreb {rPois}
  5091 | D:5      | Found a runed translucent gate.
  5091 | D:5      | Found a runed translucent gate.
  5091 | D:5      | Found a runed translucent door.
  5109 | D:5      | Reached skill level 5 in Dodging
  5165 | D:5      | Found a runed translucent gate.
  5363 | D:5      | Noticed Dowan
  5365 | D:5      | Noticed Duvessa
  5374 | D:5      | Killed Dowan
  5380 | D:5      | Killed Duvessa
  5610 | D:5      | Reached XP level 8. HP: 12/32 MP: 8/11
  5764 | D:6      | Found a shadowy altar of Dithmenos.
  5813 | D:6      | Found a staircase to the Ecumenical Temple.
  5829 | D:6      | Reached skill level 1 in Invocations
  6201 | D:6      | Found a sparkling altar of Nemelex Xobeh.
  6424 | D:6      | Noticed Pikel
  6445 | D:6      | Killed Pikel
  6445 | D:6      | Reached ** piety under Okawaru
  6445 | D:6      | Reached skill level 5 in Fighting
  6597 | D:7      | Reached XP level 9. HP: 31/41 MP: 12/12
  6757 | D:7      | Reached skill level 8 in Unarmed Combat
  6766 | D:7      | Learned a level 2 spell: Blink
  6770 | D:7      | Learned a level 3 spell: Mephitic Cloud
  6802 | D:7      | Reached skill level 1 in Translocations
  6829 | D:7      | Found a stormy altar of Qazlal.
  7019 | D:7      | Reached skill level 5 in Translocations
  7327 | D:7      | HP: 2/41 [poisoned by a kobold]
  8050 | D:7      | Found a runed translucent door.
  8051 | D:7      | Noticed Crazy Yiuf
  8156 | D:8      | Reached *** piety under Okawaru
  8314 | D:8      | Reached skill level 5 in Invocations
  8359 | D:8      | Found an ornate altar of the Wu Jian Council.
  8555 | D:8      | Got a brightly glowing platinum amulet
  8573 | D:8      | Identified the amulet of Roir {Acrobat Dex-4 Slay+2 SInv
                  | Stlth+} (You found it on level 8 of the Dungeon)
  8580 | D:8      | Noticed an angel
  8581 | D:8      | Found a glowing silver altar of Zin.
  8666 | D:9      | Reached XP level 10. HP: 44/45 MP: 12/15
  9225 | D:9      | Reached **** piety under Okawaru
  9245 | D:9      | Reached skill level 10 in Dodging
  9534 | D:9      | Noticed a death knight
  9751 | D:9      | Reached skill level 9 in Unarmed Combat
  9756 | D:9      | Killed a death knight
 10192 | D:9      | Reached skill level 10 in Unarmed Combat
 10291 | D:10     | Entered Level 10 of the Dungeon
 10301 | D:10     | Noticed Josephine
 10386 | D:10     | Noticed Urug
 10396 | D:10     | Killed Urug
 10396 | D:10     | Reached ***** piety under Okawaru
 10396 | D:10     | Reached skill level 11 in Unarmed Combat
 10656 | D:10     | Reached XP level 11. HP: 43/48 MP: 16/16
 10675 | D:10     | Noticed an unseen horror
 10685 | D:10     | Killed an unseen horror
 10751 | D:10     | Killed Josephine
 10756 | D:10     | Reached skill level 12 in Unarmed Combat
 10815 | D:10     | Noticed Erolcha
 10825 | D:10     | Killed Erolcha
 10844 | D:10     | Found a basalt altar of Yredelemnul.
 11068 | D:11     | Noticed a two-headed ogre
 11077 | D:11     | Killed a two-headed ogre
 11077 | D:11     | Reached skill level 13 in Unarmed Combat
 11834 | D:12     | Found a gate leading to a gauntlet.
 11841 | Gauntlet | Entered a Gauntlet
 11841 | Gauntlet | Found a transporter.
 11841 | Gauntlet | Found a transporter.
 11843 | Gauntlet | Found a transporter.
 11844 | Gauntlet | Found a transporter.
 11847 | Gauntlet | Found a transporter.
 11847 | Gauntlet | Found a transporter.
 11878 | Gauntlet | Found a transporter.
 11879 | Gauntlet | Found a transporter.
 11891 | Gauntlet | Found a transporter.
 11901 | Gauntlet | Noticed an eight-headed hydra
 11904 | Gauntlet | Found a transporter.
 11918 | Gauntlet | Found a transporter.
 11922 | Gauntlet | Found a transporter.
 11966 | Gauntlet | Paralysed by a floating eye for 2 turns
 12214 | Gauntlet | Reached ****** piety under Okawaru
 12367 | Gauntlet | Got a wavering silver amulet
 12515 | Gauntlet | Identified the cursed +2 flail "Hient" {venom, +Inv MR+
                  | Str+2 Int-5}
 12515 | Gauntlet | Noticed a minotaur
 12541 | Gauntlet | Killed a minotaur
 12787 | D:12     | Noticed Frances
 12895 | D:11     | Reached skill level 1 in Conjurations
 12920 | D:11     | Found a staircase to the Lair.
 13015 | Lair:1   | Entered Level 1 of the Lair of Beasts
 13086 | Lair:1   | Reached skill level 1 in Poison Magic
 13345 | Lair:1   | Reached skill level 1 in Air Magic
 13490 | Lair:2   | Noticed Dumidips's ghost (journeyman OpMo)
 13549 | Lair:2   | Noticed Erica
 13584 | Lair:2   | Killed Erica
 13584 | Lair:2   | Reached skill level 5 in Stealth
 13584 | Lair:2   | Gained mutation: Your thick and shaggy fur keeps you warm.
                  | (AC +3, rC+) [Felid growth]
 13584 | Lair:2   | Reached XP level 12. HP: 49/52 MP: 17/17
 13592 | Lair:2   | Noticed Gastronok
 13609 | Lair:2   | Killed Gastronok
 13609 | Lair:2   | Reached skill level 14 in Unarmed Combat
 13698 | Lair:2   | Found a hole to the Spider Nest.
 13852 | Lair:2   | Found a runed translucent door.
 13853 | Lair:2   | Found a staircase to the Shoals.
 14133 | Lair:2   | Noticed a seven-headed hydra
 14254 | Lair:2   | Killed a seven-headed hydra
 14254 | Lair:2   | Reached skill level 15 in Unarmed Combat
 15200 | Lair:3   | Identified the amulet "Riteus" {Spirit Dex+4} (You found it
                  | in a Gauntlet)
 15613 | Lair:3   | Reached XP level 13. HP: 54/55 MP: 17/20
 16177 | Lair:4   | Reached skill level 10 in Invocations
 16565 | Lair:4   | Noticed an entropy weaver
 16573 | Lair:4   | Reached skill level 5 in Evocations
 16579 | Lair:4   | Killed an entropy weaver
 16597 | Lair:4   | Noticed an entropy weaver
 16614 | Lair:4   | Killed an entropy weaver
 17632 | Lair:5   | Found a staircase to the Slime Pits.
 17920 | Lair:5   | Reached skill level 10 in Evocations
 18711 | Lair:6   | Entered Level 6 of the Lair of Beasts
 18843 | Lair:6   | Reached XP level 14. HP: 42/61 MP: 15/22
 18864 | Lair:5   | Learned a level 2 spell: Shroud of Golubria
 18868 | Lair:5   | Learned a level 3 spell: Regeneration
 18871 | Lair:5   | Learned a level 2 spell: Song of Slaying
 18969 | Lair:6   | Reached skill level 1 in Spellcasting
 19511 | Lair:6   | Reached skill level 1 in Necromancy
 19838 | Lair:6   | Reached skill level 5 in Necromancy
 19873 | Lair:6   | Reached skill level 1 in Charms
 20146 | Lair:6   | Mangled by a tyrant leech
 20147 | Lair:6   | Reached XP level 13. HP: -8/57 MP: 16/21
 20416 | D:12     | Found Laddorei's Jewellery Boutique.
 20665 | D:12     | Killed Frances
 20959 | D:12     | Found a staircase to the Orcish Mines.
 21071 | Orc:1    | Entered Level 1 of the Orcish Mines
 21333 | Orc:1    | Found a roughly hewn altar of Beogh.
 21393 | Orc:1    | Reached skill level 16 in Unarmed Combat
 21721 | Orc:2    | Entered Level 2 of the Orcish Mines
 21833 | Orc:2    | Noticed Maurice
 21861 | Orc:2    | Killed Maurice
 21872 | Orc:2    | Noticed an ettin
 21886 | Orc:2    | Killed an ettin
 21940 | Orc:2    | Reached XP level 14. HP: 45/61 MP: 18/22
 21960 | Orc:2    | Learned a level 4 spell: Olgreb's Toxic Radiance
 22270 | Orc:2    | Found a staircase to the Elven Halls.
 22668 | Orc:2    | Noticed an orc warlord
 22824 | Orc:2    | Killed an orc warlord
 23313 | Orc:2    | Killed from afar by an orc priest
 23314 | Orc:2    | Reached XP level 13. HP: -4/57 MP: 10/21
 23618 | Orc:2    | Reached skill level 5 in Poison Magic
 23988 | Orc:2    | Reached skill level 5 in Spellcasting
 24365 | Orc:2    | Found Puos Ques's General Store.
 24366 | Orc:2    | Found Wuxkat's Book Emporium.
 24367 | Orc:2    | Found Ereyden's Antique Armour Emporium.
 24367 | Orc:2    | Found Xavewkuy's Antique Weapon Shoppe.
 24382 | Orc:2    | Bought a book of Party Tricks for 750 gold pieces
 24384 | Orc:2    | Learned a level 1 spell: Summon Butterflies
 24391 | Orc:2    | Learned a level 6 spell: Invisibility
 24538 | D:13     | Noticed Azrael
 25047 | D:14     | Reached skill level 5 in Hexes
 25127 | D:14     | Noticed Snorg
 25507 | Shoals:1 | Entered Level 1 of the Shoals
 25784 | Shoals:1 | Reached XP level 14. HP: 52/61 MP: 15/23
 26156 | Shoals:1 | Reached skill level 10 in Hexes
 27515 | Shoals:3 | Learned a level 1 spell: Apportation
 27589 | Shoals:2 | Noticed Polyphemus
 27710 | Shoals:4 | Entered Level 4 of the Shoals
 27989 | Shoals:4 | Learned a level 4 spell: Passage of Golubria
 28007 | Shoals:4 | Noticed Donald
 28017 | Shoals:4 | Killed Donald
 28137 | Shoals:4 | Reached XP level 15. HP: 63/64 MP: 21/29
 28345 | Shoals:4 | Got a barnacled rune of Zot
 28449 | Shoals:3 | Reached skill level 10 in Spellcasting
 28611 | Lair:2   | Killed Dumidips's ghost
 28971 | D:13     | Killed Azrael
 29100 | D:13     | Gained mutation: You are weak. (Str -2) [mutagenic glow]
 29472 | D:14     | Found Beebey's General Store.
 29479 | D:14     | Bought a scroll of teleportation for 39 gold pieces
 29491 | D:14     | Noticed Nessos
 29505 | D:14     | Killed Nessos
 29549 | D:14     | Noticed Agnes
 29577 | D:14     | Killed Agnes
 29893 | D:14     | Killed Snorg
 29942 | D:15     | Entered Level 15 of the Dungeon
 30261 | D:15     | Found a blossoming altar of Fedhas.
 30655 | D:15     | Found a staircase to the Depths.
 30757 | D:15     | Reached XP level 16. HP: 66/69 MP: 19/32
 31221 | D:14     | Found a gate to the Vaults.
 31251 | Vaults:1 | Entered Level 1 of the Vaults
 31624 | Vaults:1 | Learned a level 6 spell: Deflect Missiles
 31681 | Vaults:1 | Reached skill level 5 in Charms
 32496 | Vaults:1 | Reached skill level 5 in Air Magic
 32720 | Vaults:1 | Reached XP level 17. HP: 55/72 MP: 20/34
 33283 | Vaults:2 | Found Xehunir's Antique Armour Boutique.
 33486 | Vaults:2 | Identified the +3 shield of Fiof {Int+3}
 33486 | Vaults:2 | Noticed Asterion
 34323 | Vaults:3 | Reached skill level 10 in Necromancy
 34669 | Vaults:3 | Gained mutation: You are very weak. (Str -4) [mutagenic
                  | glow]
 35097 | Vaults:3 | Learned a level 7 spell: Dragon Form
 35110 | Vaults:3 | Reached skill level 1 in Transmutations
 35290 | Vaults:3 | Found a staircase to the Crypt.
 35685 | Vaults:3 | Reached skill level 5 in Transmutations
 36292 | Elf:1    | Entered Level 1 of the Elven Halls
 36367 | Elf:1    | You fall into a shaft and drop 1 floor!
 36374 | Elf:2    | Noticed Nikola
 36398 | Elf:2    | Killed Nikola
 36481 | Elf:2    | Reached XP level 18. HP: 76/76 MP: 28/36
 36520 | Elf:2    | Found a runed translucent gate.
 36520 | Elf:2    | Found a runed translucent gate.
 36521 | Elf:2    | Found a runed translucent gate.
 36619 | Elf:2    | Found Wuen's Distillery.
 36648 | Elf:2    | Found a magical portal.
 36662 | Elf:2    | Bought 2 potions of agility for 96 gold pieces
 36662 | Elf:2    | Bought a potion of heal wounds for 60 gold pieces
 36662 | Elf:2    | Bought a potion of might for 48 gold pieces
 36662 | Elf:2    | Bought a potion of might for 48 gold pieces
 36662 | Elf:2    | Bought a potion of might for 48 gold pieces
 36662 | Elf:2    | Bought a potion of curing for 36 gold pieces
 36662 | Elf:2    | Bought a potion of resistance for 120 gold pieces
 36821 | WizLab   | Reached skill level 10 in Transmutations
 36851 | WizLab   | Noticed a greater mummy
 36861 | WizLab   | Killed a greater mummy
 37027 | WizLab   | Identified 2 scrolls of acquirement
 37029 | WizLab   | yis
 37085 | Elf:2    | Identified the Grimoire of Battle Magic (You acquired it on
                  | level 2 of the Elven Halls)
 37206 | Elf:1    | Learned a level 5 spell: Irradiate
 37252 | Elf:1    | Gained mutation: Your body sometimes deteriorates upon
                  | taking damage. [mutagenic glow]
 37861 | Elf:3    | Entered Level 3 of the Elven Halls
 38195 | Elf:3    | Found a runed translucent gate.
 38195 | Elf:3    | Found a runed translucent gate.
 38197 | Elf:3    | Found a runed translucent gate.
 38198 | Elf:3    | Noticed a tentacled monstrosity
 38199 | Elf:3    | Noticed a tentacled monstrosity
 38200 | Elf:3    | Noticed a tentacled monstrosity
 38223 | Elf:3    | Noticed a tentacled monstrosity
 38225 | Elf:3    | Killed a tentacled monstrosity
 38236 | Elf:3    | Killed a tentacled monstrosity
 38598 | Elf:3    | Killed a tentacled monstrosity
 38605 | Elf:3    | Found a runed translucent gate.
 38605 | Elf:3    | Found a runed translucent gate.
 38609 | Elf:3    | Found a runed translucent gate.
 38615 | Elf:3    | Noticed Emab's ghost (journeyman TrBe)
 38676 | Elf:2    | Learned a level 6 spell: Death Channel
 39111 | Elf:3    | Reached skill level 15 in Spellcasting
 39149 | Elf:3    | Found an ancient bone altar of Kikubaaqudgha.
 39192 | Elf:3    | Killed a tentacled monstrosity
 39192 | Elf:3    | Reached XP level 19. HP: 79/79 MP: 17/39
 39466 | Spider:1 | Entered Level 1 of the Spider Nest
 39765 | Spider:2 | Noticed Jorgrun
 39782 | Spider:2 | Killed Jorgrun
 39948 | Spider:2 | Noticed Arachne
 39958 | Spider:2 | Killed Arachne
 40119 | Spider:3 | Found a frozen archway.
 40224 | IceCv    | Entered an ice cave
 40778 | IceCv    | Gained mutation: You tend to lose your temper in combat.
                  | [mutagenic glow]
 40797 | IceCv    | Lost mutation: Your body sometimes deteriorates upon taking
                  | damage. [potion of mutation]
 40797 | IceCv    | Lost mutation: You are very weak. (Str -4) [potion of
                  | mutation]
 40797 | IceCv    | Lost mutation: You are weak. (Str -2) [potion of mutation]
 40797 | IceCv    | Lost mutation: You tend to lose your temper in combat.
                  | [potion of mutation]
 40797 | IceCv    | Gained mutation: Your mind is acute. (Int +2) [potion of
                  | mutation]
 41428 | Spider:4 | Entered Level 4 of the Spider Nest
 41465 | Spider:4 | Reached skill level 17 in Unarmed Combat
 41738 | Spider:4 | Noticed Louise
 41752 | Spider:4 | Killed Louise
 41982 | Spider:4 | Reached skill level 18 in Unarmed Combat
 42010 | Spider:4 | Noticed Bai Suzhen
 42019 | Spider:4 | Was placed under penance by Okawaru
 42051 | Spider:4 | Killed Bai Suzhen
 42051 | Spider:4 | Reached XP level 20. HP: 69/83 MP: 27/41
 42331 | Spider:4 | Got a gossamer rune of Zot
 42698 | Depths:1 | Entered Level 1 of the Depths
 42927 | Depths:1 | Reached skill level 19 in Unarmed Combat
 43041 | Depths:1 | Found a gateway to Hell.
 43114 | Depths:1 | Gained mutation: Your magical capacity is low. (-10% MP)
                  | [mutagenic glow]
 43234 | Depths:1 | Noticed Mara
 43238 | Depths:1 | Noticed Lavandula's illusion
 43242 | Depths:1 | Slain by Mara
 43243 | Depths:1 | Reached XP level 19. HP: -5/79 MP: 33/36
 43243 | Depths:1 | Found Bogedabu's Armour Boutique.
 43243 | Depths:1 | Found Yrehyts's Distillery.
 43243 | Depths:1 | Found Mamporiew's Assorted Antiques.
 43243 | Depths:1 | Found Vumo's General Store.
 43257 | Depths:1 | Bought a potion of heal wounds for 150 gold pieces
 43257 | Depths:1 | Bought a scroll of teleportation for 90 gold pieces
 43257 | Depths:1 | Bought a scroll of fog for 60 gold pieces
 43261 | Depths:1 | Bought a scroll of teleportation for 66 gold pieces
 43261 | Depths:1 | Bought a potion of magic for 176 gold pieces
 43264 | Depths:1 | Bought a potion of agility for 72 gold pieces
 43264 | Depths:1 | Bought a potion of haste for 180 gold pieces
 43264 | Depths:1 | Bought a potion of haste for 180 gold pieces
 43264 | Depths:1 | Bought a potion of heal wounds for 90 gold pieces
 43264 | Depths:1 | Bought 2 potions of curing for 108 gold pieces
 43264 | Depths:1 | Bought a potion of might for 72 gold pieces
 43342 | Depths:1 | Found a one-way gate to the infinite horrors of the Abyss.
 43572 | Depths:1 | Noticed Lavandula's illusion
 43584 | Depths:1 | Noticed Lavandula's illusion
 43614 | Depths:1 | Killed Mara
 43784 | Depths:2 | Was forgiven by Okawaru
 43857 | Depths:2 | Found a runed translucent gate.
 43858 | Depths:2 | Found a runed translucent gate.
 43887 | Depths:2 | Reached skill level 20 in Unarmed Combat
 43995 | Depths:2 | Found a runed translucent gate.
 44169 | Depths:2 | Found a gateway to a ziggurat.
 44262 | Depths:3 | Reached skill level 10 in Fighting
 44313 | Depths:3 | Upgraded the game from 0.24.0-123-gd5b16e6ec5 to
                  | 0.24.0-125-gc4c63601f3
 44598 | Depths:3 | Reached XP level 20. HP: 89/89 MP: 25/37
 44993 | Depths:3 | Found a one-way gate leading to the halls of Pandemonium.
 45135 | Depths:3 | Paralysed by a great orb of eyes for 7 turns
 45591 | Depths:4 | Noticed a golden dragon
 46042 | Depths:3 | Upgraded the game from 0.24.0-125-gc4c63601f3 to 0.24.1
 46460 | Depths:4 | Reached skill level 15 in Fighting
 46724 | Depths:4 | Reached XP level 21. HP: 52/101 MP: 25/38
 47001 | Depths:4 | Killed a golden dragon
 47524 | Depths:5 | Entered Level 5 of the Depths
 47585 | Depths:5 | Found a flickering gateway to a bazaar.
 47594 | Bazaar   | Entered a bazaar
 47594 | Bazaar   | Found Kaumowa's Assorted Antiques.
 47604 | Bazaar   | Found Ithrysch's Book Boutique.
 47607 | Bazaar   | Found Layrepn's Antique Weapon Emporium.
 47615 | Bazaar   | Found Tuotorghe's Gadget Shoppe.
 47619 | Bazaar   | Found Imnasac's Gadget Emporium.
 47672 | Bazaar   | Bought a potion of haste for 220 gold pieces
 47696 | Bazaar   | Bought a lamp of fire for 440 gold pieces
 47699 | Bazaar   | Bought a box of beasts for 220 gold pieces
 48149 | Depths:5 | Noticed Margery
 48353 | Depths:5 | Identified the ring of Doubt {+Blink rPois rC- rN+++
                  | Stlth-} (You found it on level 5 of the Depths)
 48369 | Depths:5 | Learned a level 6 spell: Statue Form
 48426 | Depths:5 | Noticed a caustic shrike
 48434 | Depths:5 | Noticed a caustic shrike
 48436 | Depths:5 | Noticed a caustic shrike
 48436 | Depths:5 | Noticed a caustic shrike
 48441 | Depths:5 | Killed a caustic shrike
 48441 | Depths:5 | Reached skill level 1 in Earth Magic
 48447 | Depths:5 | Killed a caustic shrike
 48452 | Depths:5 | Killed a caustic shrike
 48454 | Depths:5 | Killed a caustic shrike
 48605 | Depths:4 | Voluntarily entered the Abyss.
 48832 | Abyss:3  | Reached skill level 5 in Earth Magic
 48852 | Abyss:3  | Got an abyssal rune of Zot
 48896 | Depths:4 | Escaped the Abyss
 48940 | Depths:5 | Found a gate to the Realm of Zot.
 48950 | Zot:1    | Entered Level 1 of the Realm of Zot
 49010 | Zot:1    | Reached XP level 22. HP: 109/109 MP: 28/38
 49697 | Zot:3    | Noticed a curse toe
 49709 | Zot:3    | Killed a curse toe
 49741 | Zot:3    | Noticed a golden dragon
 49754 | Zot:3    | Killed a golden dragon
 49906 | Zot:4    | Noticed a curse toe
 49914 | Zot:4    | Killed a curse toe
 49914 | Zot:4    | Reached skill level 15 in Transmutations
 50156 | Zot:4    | Noticed an orb of fire
 50721 | Slime:1  | Entered Level 1 of the Pits of Slime
 51183 | Slime:5  | Entered Level 5 of the Pits of Slime
 51227 | Slime:5  | Noticed the Royal Jelly
 51459 | Slime:5  | Found a viscous altar of Jiyva.
 51659 | Slime:5  | Killed the Royal Jelly
 51659 | Slime:5  | Reached XP level 23. HP: 60/112 MP: 39/39
 51827 | Slime:5  | Got a slimy rune of Zot
 51840 | Slime:5  | Identified the cursed ring of the Wary Shrikes {AC-3 Dex+2}
                  | (You found it on level 5 of the Pits of Slime)
 52203 | Vaults:2 | Killed Asterion
 52376 | Vaults:4 | Killed from afar by a ghostly deep elf death mage
 52377 | Vaults:4 | Reached XP level 22. HP: -26/163 MP: 13/39
 53162 | Vaults:4 | Learned a level 8 spell: Infestation
 53173 | Vaults:5 | Entered Level 5 of the Vaults
 53254 | Vaults:5 | Noticed a golden dragon
 53256 | Vaults:5 | Killed a golden dragon
 53262 | Vaults:5 | Noticed an ancient lich
 53268 | Vaults:5 | Killed an ancient lich
 53278 | Vaults:5 | Found Jintor's Gadget Boutique.
 53278 | Vaults:5 | Noticed a golden dragon
 53287 | Vaults:5 | Killed a golden dragon
 53287 | Vaults:5 | Reached XP level 23. HP: 98/112 MP: 9/41
 53295 | Vaults:5 | Got a silver rune of Zot
 53372 | Vaults:5 | Found Daliodd's Jewellery Boutique.
 53424 | Vaults:5 | Identified the +8 rapier of Vodka {flame, +Blink rN+ MP-9}
 53444 | Vaults:5 | Reached skill level 15 in Necromancy
 53465 | Vaults:5 | Found Ilys Waucru's Antique Weapon Shoppe.
 53466 | Vaults:5 | Found the cursed +14 obsidian axe {chop, +Fly SInv *Curse}
 53774 | Vaults:5 | Noticed an ancient lich
 53785 | Vaults:5 | Killed an ancient lich
 53793 | Vaults:5 | Identified the ring of Past Mistakes {*Tele rElec rF+
                  | Int-5} (You found it on level 5 of the Vaults)
 54183 | Pan      | Entered Pandemonium
 54582 | Pan      | Reached skill level 10 in Stealth
 54948 | Pan      | Identified the ring of the Rose {Int+4 Dex+2}
 54948 | Pan      | Noticed a seraph
 54968 | Pan      | Killed a seraph
 55006 | Pan      | Identified the +5 scythe "Baodwe" {freeze, rF+ rC+ rN+
                  | Str+4}
 55006 | Pan      | Identified the +6 hunting sling "Uptuit" {freeze, rC- MR+
                  | Str+9 SInv}
 55039 | Pan      | Found a glowing golden altar of the Shining One.
 55048 | Pan      | Got a demonic rune of Zot
 55138 | Pan      | Reached skill level 15 in Stealth
 55371 | Pan      | Entered the realm of Cerebov.
 55419 | Pan      | Reached XP level 24. HP: 117/117 MP: 29/41
 55584 | Pan      | Identified the +6 sword of Cerebov {flame}
 55584 | Pan      | Noticed Cerebov
 55736 | Pan      | Identified the Grimoire of Execration
 55799 | Pan      | Identified the Almanac of the Scorching Mountains
 55802 | Pan      | Identified the ring "Cemi" {rElec rC+ Str-5 Dex+6 SInv}
                  | (You found it in Pandemonium)
 55836 | Pan      | Identified the Collected Works on Calling and Evil Rites
 55912 | Pan      | Identified the Catalogue of Torrid Weightlessness
 56020 | Pan      | Got a fiery rune of Zot
 56063 | Pan      | Killed Cerebov
 56130 | Pan      | HP: 8/175 [balrug/divine providence (12)]
 56349 | Pan      | Entered the realm of Mnoleg.
 56472 | Pan      | Gained mutation: Your body sometimes deteriorates upon
                  | taking damage. [a shining eye]
 56477 | Pan      | Paralysed by a floating eye for 4 turns
 56531 | Pan      | Gained mutation: You are frail. (-10% HP) [a neqoxec]
 56647 | Pan      | Noticed Mnoleg
 56654 | Pan      | Gained mutation: You tend to lose your temper in combat. [a
                  | neqoxec]
 56655 | Pan      | Gained mutation: Your magical capacity is very low. (-20%
                  | MP) [a neqoxec]
 56662 | Pan      | Killed Mnoleg
 56702 | Pan      | Got a glowing rune of Zot
 56736 | Pan      | Entered the realm of Lom Lobon.
 56880 | Pan      | Noticed Lom Lobon
 56914 | Pan      | Killed Lom Lobon
 56922 | Pan      | Reached skill level 1 in Summonings
 56973 | Pan      | Got a magical rune of Zot
 57199 | Pan      | Gained mutation: You are clumsy. (Dex -2) [a neqoxec]
 57233 | Pan      | Noticed Ontitroy the pandemonium lord
 57370 | Pan      | Entered the realm of Gloorx Vloq.
 57437 | Pan      | Reached skill level 5 in Summonings
 57502 | Pan      | Noticed Gloorx Vloq
 57523 | Pan      | Slain by an Executioner
 57524 | Pan      | Reached XP level 23. HP: -2/130 MP: 2/36
 57745 | Pan      | Reached XP level 24. HP: 105/105 MP: 32/36
 57774 | Pan      | Reached skill level 10 in Summonings
 58350 | Pan      | Got a dark rune of Zot
 58377 | Pan      | Killed Gloorx Vloq
 58601 | Pan      | Noticed Idibreidgh the pandemonium lord
 59178 | Pan      | Found an exit through the horrors of the Abyss.
 59188 | Pan      | Took an exit into the Abyss.
 59188 | Abyss:1  | Escaped into the Abyss
 59269 | Depths:3 | Escaped the Abyss
 59270 | Depths:3 | Lost mutation: You are frail. (-10% HP) [potion of
                  | mutation]
 59270 | Depths:3 | Lost mutation: Your magical capacity is very low. (-20% MP)
                  | [potion of mutation]
 59270 | Depths:3 | Gained mutation: Your system is resistant to poisons.
                  | (rPois) [potion of mutation]
 59270 | Depths:3 | Gained mutation: You can translocate small distances at
                  | will. [potion of mutation]
 59271 | Depths:3 | Lost mutation: Your mind is acute. (Int +2) [potion of
                  | mutation]
 59271 | Depths:3 | Lost mutation: You tend to lose your temper in combat.
                  | [potion of mutation]
 59271 | Depths:3 | Lost mutation: Your body sometimes deteriorates upon taking
                  | damage. [potion of mutation]
 59271 | Depths:3 | Lost mutation: You can translocate small distances at will.
                  | [potion of mutation]
 59271 | Depths:3 | Gained mutation: You occasionally shout uncontrollably at
                  | your foes. [potion of mutation]
 59271 | Depths:3 | Gained mutation: You are partially covered in rugged brown
                  | scales. (AC +1, +3% HP) [potion of mutation]
 59331 | Hell     | Entered the Vestibule of Hell
 59331 | Hell     | Noticed Geryon
 59344 | Hell     | Killed Geryon
 60252 | Hell     | Found a gateway to the ashen valley of Gehenna.
 60328 | Geh:1    | Entered Level 1 of Gehenna
 60823 | Geh:4    | Gained mutation: Your spells are a little easier to cast,
                  | but a little less powerful. [mutagenic glow]
 60837 | Geh:4    | Lost mutation: Your spells are a little easier to cast, but
                  | a little less powerful. [mutagenic glow]
 61122 | Geh:7    | Entered Level 7 of Gehenna
 61377 | Geh:7    | Reached XP level 25. HP: 124/124 MP: 30/42
 61424 | Geh:7    | Identified the +7 sceptre of Asmodeus
 61424 | Geh:7    | Noticed Asmodeus
 61547 | Geh:7    | Killed Asmodeus
 61581 | Geh:7    | Identified Corgh's Reference Book on Enhancements and the
                  | Rocks
 61630 | Geh:7    | Got an obsidian rune of Zot
 61938 | Hell     | Gained mutation: You are very clumsy. (Dex -4) [mutagenic
                  | glow]
 62155 | Hell     | Found a gateway to the Iron City of Dis.
 62199 | Hell     | Found a gateway to the decaying netherworld of Tartarus.
 62208 | Tar:1    | Entered Level 1 of Tartarus
 62884 | Tar:3    | You fall into a shaft and drop 2 floors!
 63261 | Tar:7    | Entered Level 7 of Tartarus
 63434 | Tar:7    | Learned a level 7 spell: Spellforged Servitor
 63441 | Tar:7    | Learned a level 6 spell: Iron Shot
 63483 | Tar:7    | Noticed an ancient lich
 63495 | Tar:7    | Noticed Ereshkigal
 63798 | Tar:7    | Reached skill level 5 in Conjurations
 63894 | Tar:7    | Reached XP level 26. HP: 125/125 MP: 31/45
 63919 | Tar:7    | Killed an ancient lich
 63962 | Tar:7    | Noticed the Serpent of Hell
 64119 | Tar:7    | Killed from afar by a fire dragon
 64120 | Tar:7    | Reached XP level 25. HP: -5/121 MP: 16/45
 64418 | Tar:7    | Noticed an ancient lich
 64424 | Tar:7    | Killed an ancient lich
 64641 | Tar:7    | Reached skill level 10 in Conjurations
 64652 | Tar:7    | Killed Ereshkigal
 64679 | Tar:7    | Got a bone rune of Zot
 64977 | Dis:1    | Entered Level 1 of the Iron City of Dis
 65145 | Dis:3    | You are sucked into a shaft and drop 3 floors!
 65231 | Dis:7    | Entered Level 7 of the Iron City of Dis
 65595 | Dis:7    | Reached skill level 21 in Unarmed Combat
 65927 | Dis:7    | Reached XP level 26. HP: 122/122 MP: 22/45
 65982 | Dis:7    | Identified the ring "Qoihe" {rN+ Str+2 Dex-2 Slay+6 Stlth+}
                  | (You found it on level 7 of the Iron City of Dis)
 66115 | Dis:7    | Found the ring of the Octopus King
 66124 | Dis:7    | Got a ring of the Octopus King
 66125 | Dis:7    | Identified a ring of the Octopus King {AC+1 EV+1 Str+1
                  | Int+1 Dex+1 Stlth+} (You found it on level 7 of the Iron
                  | City of Dis)
 66251 | Dis:7    | Reached skill level 22 in Unarmed Combat
 66280 | Dis:7    | Identified the +4 staff of Dispater
 66280 | Dis:7    | Noticed Dispater
 66295 | Dis:7    | Killed Dispater
 66352 | Dis:7    | Identified the ring of Niowiewnu {*Slow Str+4 Int+5 Stlth+}
                  | (You found it on level 7 of the Iron City of Dis)
 66354 | Dis:7    | Got an iron rune of Zot
 66477 | Dis:7    | Gained mutation: You are dopey. (Int -2) [a cacodemon]
 66482 | Dis:7    | Gained mutation: You are frail. (-10% HP) [a cacodemon]
 66528 | Hell     | Found a gateway to the freezing wastes of Cocytus.
 66541 | Coc:1    | Entered Level 1 of Cocytus
 67096 | Coc:7    | Entered Level 7 of Cocytus
 67164 | Coc:7    | Reached skill level 23 in Unarmed Combat
 67727 | Coc:7    | Reached skill level 24 in Unarmed Combat
 67780 | Coc:7    | Noticed Antaeus
 67922 | Coc:7    | Gained mutation: You sometimes yell uncontrollably at your
                  | foes. [mutagenic glow]
 67980 | Coc:7    | Gained mutation: Your magical capacity is very low. (-20%
                  | MP) [mutagenic glow]
 68252 | Coc:7    | Gained mutation: You are very dopey. (Int -4) [mutagenic
                  | glow]
 68290 | Coc:7    | Reached XP level 27. HP: 63/119 MP: 24/40
 68504 | Coc:7    | Killed Antaeus
 68544 | Coc:7    | Got an icy rune of Zot
 69596 | Crypt:1  | Entered Level 1 of the Crypt
 69832 | Crypt:3  | Entered Level 3 of the Crypt
 70100 | Crypt:3  | Found a basalt altar of Yredelemnul.
 70114 | Crypt:3  | Found an ancient bone altar of Kikubaaqudgha.
 70405 | Crypt:3  | Found a staircase to the Tomb.
 70418 | Tomb:1   | Entered Level 1 of the Tomb of the Ancients
 70471 | Crypt:3  | Learned a level 8 spell: Necromutation
 70480 | Crypt:3  | Learned a level 7 spell: Haunt
 70646 | Tomb:1   | Reached skill level 10 in Translocations
 70647 | Tomb:1   | Noticed a greater mummy
 70654 | Tomb:1   | Killed a greater mummy
 70764 | Tomb:1   | Noticed a greater mummy
 70766 | Tomb:1   | Noticed an ancient lich
 70775 | Tomb:1   | Killed a greater mummy
 70783 | Tomb:1   | Killed an ancient lich
 70851 | Tomb:1   | Slain by a death scarab
 70852 | Tomb:1   | Reached XP level 26. HP: -1/116 MP: 6/40
 71149 | Tomb:2   | Noticed a greater mummy
 71149 | Tomb:2   | Noticed a greater mummy
 71325 | Tomb:2   | Killed a greater mummy
 71332 | Tomb:2   | Noticed a greater mummy
 71335 | Tomb:2   | Noticed a greater mummy
 71351 | Tomb:2   | Killed a greater mummy
 71366 | Tomb:1   | Noticed a greater mummy
 71367 | Tomb:1   | HP: 3/226 [death scarab (10)]
 71369 | Tomb:1   | Slain by a death scarab
 71370 | Tomb:1   | Reached XP level 25. HP: 0/218 MP: 13/40
 71555 | Tomb:2   | Killed a greater mummy
 71555 | Tomb:2   | Reached skill level 15 in Translocations
 71642 | Tomb:2   | Killed a greater mummy
 71642 | Tomb:2   | Reached XP level 26. HP: 116/116 MP: 38/40
 71791 | Tomb:1   | Killed a greater mummy
 71836 | Tomb:1   | Noticed a greater mummy
 71845 | Tomb:1   | Killed a greater mummy
 71845 | Tomb:1   | Noticed a greater mummy
 71850 | Tomb:1   | Killed a greater mummy
 71851 | Tomb:1   | Noticed a greater mummy
 71863 | Tomb:1   | Killed a greater mummy
 71980 | Tomb:1   | Noticed a greater mummy
 71984 | Tomb:1   | Noticed a greater mummy
 71986 | Tomb:1   | Noticed a greater mummy
 71993 | Tomb:1   | Killed a greater mummy
 71998 | Tomb:1   | Killed a greater mummy
 72004 | Tomb:1   | Killed a greater mummy
 72127 | Tomb:1   | Noticed a greater mummy
 72149 | Tomb:1   | Killed a greater mummy
 72154 | Tomb:1   | Noticed a greater mummy
 72326 | Tomb:1   | Killed a greater mummy
 72355 | Tomb:1   | Noticed a greater mummy
 72368 | Tomb:1   | Killed a greater mummy
 72405 | Tomb:1   | Noticed a greater mummy
 72414 | Tomb:1   | Killed a greater mummy
 72541 | Tomb:1   | Noticed a greater mummy
 72558 | Tomb:1   | Killed a greater mummy
 72572 | Tomb:1   | Noticed a greater mummy
 72583 | Tomb:1   | Noticed a greater mummy
 72604 | Tomb:1   | Killed a greater mummy
 72613 | Tomb:1   | Killed a greater mummy
 72926 | Tomb:2   | Learned a level 8 spell: Controlled Blink
 72932 | Tomb:3   | Entered Level 3 of the Tomb of the Ancients
 72933 | Tomb:3   | Found the ring of the Mage {Wiz MR++ Int+3}
 72933 | Tomb:3   | Found the cursed +13 scythe of Curses {drain, *Curse}
 72949 | Tomb:3   | Identified the amulet "Hyronnar" {rF+ Regen+ Stlth+} (You
                  | found it on level 3 of the Tomb of the Ancients)
 72950 | Tomb:3   | Identified the ring of Contentment {*Tele MR++ Dex+3} (You
                  | found it on level 3 of the Tomb of the Ancients)
 72974 | Tomb:3   | Identified Zineis's Catalogue of Dusty Combat Magic
 73066 | Tomb:3   | Noticed a greater mummy
 73078 | Tomb:3   | Killed a greater mummy
 73085 | Tomb:3   | Noticed a greater mummy
 73087 | Tomb:3   | Was placed under penance by Okawaru
 73100 | Tomb:3   | Killed a greater mummy
 73190 | Tomb:3   | Noticed a greater mummy
 73204 | Tomb:2   | Gained mutation: Your magical capacity is extremely low.
                  | (-30% MP) [the power of Zot]
 73217 | Tomb:2   | Lost mutation: You are very dopey. (Int -4) [mutagenic
                  | glow]
 73218 | Tomb:2   | Lost mutation: Your magical capacity is extremely low.
                  | (-30% MP) [potion of mutation]
 73218 | Tomb:2   | Lost mutation: You are very clumsy. (Dex -4) [potion of
                  | mutation]
 73218 | Tomb:2   | Gained mutation: Your muscles are strong. (Str +2) [potion
                  | of mutation]
 73266 | Tomb:2   | Was forgiven by Okawaru
 73308 | Tomb:3   | Noticed a greater mummy
 73317 | Tomb:3   | HP: 5/150 [death scarab (21)]
 73318 | Tomb:3   | Upgraded the game from 0.24.1 to 0.24.1-1-gd1d2a07e1b
 73318 | Tomb:3   | HP: 1/150 [death scarab (5)]
 73318 | Tomb:3   | Mangled by a bennu

Levels and vault maps discovered:
D:1:      mushboom_english_gardens, layout_basic, minmay_cupped
D:2:      layout_loops_cross, serial_forest, infiniplex_forest_join,
          infiniplex_forest_clump_diagonal, infiniplex_forest_clump_cross,
          infiniplex_forest_lined_4_way, infiniplex_forest_lined_3,
          infiniplex_forest_straight_2, infiniplex_forest_lined_3,
          infiniplex_forest_lined_2, first_ration, minmay_distorted
D:3:      layout_loops_ring, lemuel_doored_altar, elyvilon_altar_4,
          chequers_temple_overflow_statue_of_worship, minivault_26,
          ebering_dispersal_statue_hall, st_stairs_5
D:4:      cheibrodos_old_hovel, layout_rooms, lemuel_zombie_altar_yredelemnul,
          lightli_sewer_entry_pipes, evilmike_ruin_ashenzari, uniq_eustachio
D:5:      layout_basic, minmay_guarded_unrand_staff_of_olgreb, uniq_duvessa
D:6:      layout_loops_cross, kennysheep_little_box, lemuel_round_altar,
          minmay_temple_entry_sparse_star, uniq_pikel
D:7:      layout_basic, kennysheep_mini, uniq_crazy_yiuf_cottage
D:8:      layout_layer_cave, zin_angel, basic_altar
D:9:      minmay_quarter_circles, layout_irregular_city
D:10:     layout_roguey, basic_altar, uniq_urug, uniq_josephine, uniq_erolcha
D:11:     layout_gridville, lair_entry_dummy, grunt_tengu_nest,
          bh_walls_and_bars
D:12:     layout_roguey, kennysheep_orc_monster_closet_entryway, serial_shops,
          shop, gauntlet_entry_generic, uniq_frances
D:13:     minmay_blocking_statues, layout_basic, uniq_azrael
D:14:     layout_loops_cross, grunt_vaults_entry_fortified, nicolae_wwwww,
          serial_shops, shop, uniq_nessos, uniq_snorg, uniq_agnes
D:15:     grunt_enter_depths_snipers, layout_small_grid, fedhas_altar_1,
          minmay_pinched_square
Lair:1:   layout_roguey, grunt_megastairs_3
Lair:2:   layout_misc_corridors, elwin_shoals_entry_stream,
          nicolae_spider_entry_orb_guardian, hellmonk_ghost_happy_afterlife,
          uniq_erica, uniq_gastronok
Lair:3:   layout_cave_shapes, lemuel_fruit_fields, infiniplex_staircase_pool
Lair:4:   layout_gridlike, zaba_antful_of_joy
Lair:5:   dragon1_lemuel, layout_cave_pods, minmay_slime_entry_oklob_enclosed,
          grunt_megastairs_1
Lair:6:   minmay_lair_end_frog_pond, layout_long_grid, dpeg_oklob_1
Shoals:1: layout_shoals, dpeg_stationary_puzzle
Shoals:2: layout_shoals, nicolae_shoals_water_shrine, uniq_polyphemus
Shoals:3: layout_shoals, uniq_ilsuiw
Shoals:4: shoals_end_simple, layout_shoals, nicolae_shoals_cliffside_cave,
          uniq_donald
Spider:1: layout_spider_delve
Spider:2: layout_spider_delve, nicolae_crawler_farm, uniq_arachne, uniq_jorgrun
Spider:3: layout_spider_delve, portal_ice_cave_entry_pillars_1
Spider:4: floodkiller_spider_rune_tomb, uniq_bai_suzhen, uniq_louise
Slime:1:  layout_caves, basic_altar
Slime:2:  layout_caves
Slime:3:  cheibrodos_slime_lost_civilization_10, layout_caves
Slime:4:  layout_caves
Slime:5
Orc:1:    layout_diamond_mine, basic_altar, nicolae_orc_tapped_out
Orc:2:    st_orc_congregation, layout_diamond_mine, uniq_maurice
Elf:1:    layout_geoelf_octagon, minivault_28
Elf:2:    layout_geoelf_grid, serial_shops, shop,
          infiniplex_enter_wizlab_glasses, uniq_nikola
Elf:3:    grunt_elf_hall_asides, layout_onion_city,
          ploomutoo_gammafunk_ghost_potion_laboratory, lemuel_statue_altar
Vaults:1: vaults_standard_mumra_enter_the_diamond,
          vaults_standard_mumra_enter_the_diamond, st_star,
          nicolae_vaults_rhombus_6, v_misc_22, vaults_room_corners,
          nicolae_vaults_network_square, vaults_dpeg_diagonal,
          nicolae_vaults_border_crossing, layout_vaults_omnicross
Vaults:2: vaults_dpeg_ring, vaults_room_door_ring, ontoclasm_vaults_ring_square,
          ontoclasm_vaults_chip, nicolae_vaults_big_angled_halls, v_misc_25,
          v_misc_14, v_misc_30, ontoclasm_vaults_shuriken,
          ontoclasm_vaults_gateway, v_misc_2, nicolae_vaults_alarming,
          layout_vaults_quadrants, serial_shops, shop, uniq_asterion
Vaults:3: v_misc_9, minmay_crypt_entry_simple_walls, nicolae_vaults_triangles,
          hangedman_vaults_river_flow, nicolae_vaults_rhombus_7, v_misc_33,
          ontoclasm_vaults_pinch, layout_vaults_ring
Vaults:4: v_alt_pattern_2, nicolae_vaults_minivaults, v_misc_9,
          grunt_vaults_hallway_long, hangedman_vaults_pinch,
          ontoclasm_vaults_misaligned, vaults_mumra_minichess_inversion,
          hangedman_vaults_locks, hangedman_vaults_variations,
          vaults_dpeg_encased_lava, vaults_room_pools, layout_vaults_maze_bifur
Vaults:5
Crypt:1:  layout_regular_city, grunt_crypt_arrival_guarded_gate, uniq_xtahua
Crypt:2:  layout_misc_corridors, nicolae_crypt_cryptocurrency
Crypt:3:  lightli_unholy_cathedral, layout_chaotic_city,
          nicolae_tomb_entry_grand_gallery, nicolae_crypt_little_mausoleum
Tomb:1
Tomb:2
Tomb:3
Depths:1: layout_cave_shapes, hell_entry, hangedman_abyss_entry_splay,
          nemelex_diamond_rough_becter, minmay_shoptagon, uniq_mara
Depths:2: kennysheep_ogre_elephant_herders, layout_basic, enter_ziggurat_f,
          hell_entry, hangedman_decor_riveting, pandoras_box_mu
Depths:3: minmay_stepped, layout_cave_pools, grunt_pan_entry_zigzag,
          pf_hell_entry_tar_river, serial_glass, glass_columns_a,
          glass_columns_b, lemuel_flamethrower_2,
          infiniplex_staircase_spiral_double
Depths:4: hangedman_grunt_twisty_little_passages, layout_basic, pan_entry,
          grunt_decor_cap, lightli_too_deep, abyss_entry
Depths:5: grunt_x_marks_the_spot, layout_twisted_cross, hell_entry,
          minmay_misc_feat_x, serial_shops, freezing_bzr, minivault_15,
          chequers_serial_rivers_micro_b, minivault_14, uniq_margery
Hell
Dis:1:    layout_gridville
Dis:2:    layout_subdivisions
Dis:3:    layout_chaotic_city, nicolae_dis_hell_towers
Dis:6:    layout_chaotic_city, hangedman_dis_chains
Dis:7:    iron_city_of_dis [dis_mu, dis_wall_5], layout_chaotic_city
Geh:1:    layout_gehenna_lava_caves
Geh:2:    layout_gehenna_pools_triple
Geh:3:    layout_gehenna_lava_caves
Geh:4:    layout_gehenna_pools_box
Geh:5:    layout_gehenna_lava_caves
Geh:6:    layout_gehenna_lava_caves
Geh:7:    geh_mu
Coc:1:    layout_ice_bergs
Coc:2:    layout_ice_bergs
Coc:3:    layout_cocytus_water_paths
Coc:4:    layout_ice_bergs
Coc:5:    layout_ice_bergs
Coc:6:    layout_cocytus_water_paths
Coc:7:    coc_old
Tar:1:    layout_honeycomb
Tar:2:    layout_grid_maze
Tar:3:    layout_grid_maze, hangedman_feature_mirror
Tar:5:    layout_catacombs
Tar:6:    layout_cathedral_of_symmetry
Tar:7:    tar_grunt_cathedral
Zot:1:    layout_twisted_circle
Zot:2:    layout_twisted_circle, drop_trap
Zot:3:    layout_basic, drop_trap
Zot:4:    kennysheep_spiral_hall, layout_onion

Skill      XL: |  1  2  3  4  5  6  7  8  9 10 11 12 13 14 15 16 17 18 19 20 21 22 23 24 25 26 27 |
---------------+----------------------------------------------------------------------------------+-----
Unarmed Combat | 2 3 4 6 7 8 11 13 15 16 20 19 21 24 | 24.6
Dodging        | 7 8 11 12 | 12.1
Invocations    | 3 5 9 10 | 10.1
Fighting       | 6 7 10 15 17 | 17.5
Translocations | 6 16 19 12 | 19.1
Conjurations   | 2 11 7 | 11.6
Poison Magic   | 1 5 4 |  5.2
Air Magic      | 2 6 8 |  8.8
Stealth        | 5 15 21 | 21.6
Evocations     | 10 14 | 14.9
Spellcasting   | 5 9 11 12 13 15 16 17 19 21 23 | 23.0
Necromancy     | 5 9 10 11 14 16 | 16.0
Charms         | 4 3 8 |  8.1
Hexes          | 9 12 | 12.4
Transmutations | 8 11 17 18 | 18.4
Earth Magic    | 5 |  5.7
Summonings     | 9 14 | 14.8

Action                   |  1- 3 |  4- 6 |  7- 9 | 10-12 | 13-15 | 16-18 | 19-21 | 22-24 | 25-27 || total
-------------------------+-------+-------+-------+-------+-------+-------+-------+-------+-------++-------
Melee: Unarmed           |   124 |   183 |   449 |   601 |  1940 |  1619 |  1226 |  1564 |  1939 ||  9645
       Bite              |    10 |    15 |    50 |    59 |   184 |   135 |   125 |   165 |   167 ||   910
       Punch             |       |     6 |    20 |    42 |   146 |    98 |    98 |   118 |   140 ||   668
       Tailslap          |       |       |       |       |       |    22 |   153 |   122 |    55 ||   352
 Cast: Mephitic Cloud    |       |       |       |       |    44 |    15 |     1 |       |       ||    60
       Olgreb's Toxic Ra |       |       |       |       |    44 |    11 |       |       |       ||    55
       Regeneration      |       |       |       |       |    69 |    83 |    91 |   148 |   178 ||   569
       Shroud of Golubri |       |       |       |       |    15 |     8 |    10 |    26 |    13 ||    72
       Invisibility      |       |       |       |       |    25 |    30 |    13 |     4 |       ||    72
       Blink             |       |       |       |       |     5 |    16 |    19 |    17 |    52 ||   109
       Apportation       |       |       |       |       |     4 |       |    19 |    43 |    38 ||   104
       Passage of Golubr |       |       |       |       |     1 |       |       |    14 |    22 ||    37
       Deflect Missiles  |       |       |       |       |       |    10 |    10 |    11 |     7 ||    38
       Dragon Form       |       |       |       |       |       |     8 |    65 |    55 |    30 ||   158
       Irradiate         |       |       |       |       |       |     5 |    18 |    44 |    37 ||   104
       Death Channel     |       |       |       |       |       |     2 |    46 |    10 |     2 ||    60
       Statue Form       |       |       |       |       |       |       |     1 |    51 |    80 ||   132
       Infestation       |       |       |       |       |       |       |       |    25 |    50 ||    75
       Spellforged Servi |       |       |       |       |       |       |       |       |    18 ||    18
       Controlled Blink  |       |       |       |       |       |       |       |       |     8 ||     8
       Haunt             |       |       |       |       |       |       |       |       |     5 ||     5
       Necromutation     |       |       |       |       |       |       |       |       |     3 ||     3
Invok: Heroism           |       |       |    12 |    27 |    66 |    40 |    27 |    26 |    21 ||   219
       Finesse           |       |       |       |     6 |    28 |    36 |    17 |    13 |    13 ||   113
 Abil: Breathe Fire      |       |       |       |       |       |     5 |    25 |     4 |       ||    34
       End Transformatio |       |       |       |       |       |     2 |     5 |     8 |    25 ||    40
       Evoke Blink       |       |       |       |       |       |       |       |       |     1 ||     1
Evoke: Wand              |     7 |    11 |     1 |    14 |    52 |    15 |     9 |     9 |     9 ||   127
       Phial of floods   |       |       |       |       |     1 |     3 |     1 |     3 |     3 ||    11
       Lightning rod     |       |       |       |       |       |       |       |     4 |       ||     4
       Lamp of fire      |       |       |       |       |       |       |       |     6 |    10 ||    16
       Sack of spiders   |       |       |       |       |       |       |       |     2 |     1 ||     3
       Box of beasts     |       |       |       |       |       |       |       |     1 |     6 ||     7
       Phantom mirror    |       |       |       |       |       |       |       |     1 |       ||     1
       Horn of Geryon    |       |       |       |       |       |       |       |       |     4 ||     4
       Figurine of a zig |       |       |       |       |       |       |       |       |     1 ||     1
  Use: Potion            |     1 |       |       |     1 |     5 |     9 |    11 |    35 |    17 ||    79
       Scroll            |       |     6 |     4 |    11 |    14 |    20 |    26 |    26 |    29 ||   136
 Stab: Sleeping          |    10 |     9 |     6 |    27 |    44 |    24 |    30 |    27 |    28 ||   205
       Distracted        |       |       |     1 |     1 |     9 |     4 |    15 |    30 |    44 ||   104
       Paralysed         |       |       |       |     3 |     4 |       |       |       |       ||     7
       Confused          |       |       |       |       |    18 |     3 |       |       |       ||    21
       Invisible         |       |       |       |       |    74 |   129 |    44 |    14 |       ||   261
  Eat: Chunk             |    10 |     5 |     6 |    18 |    61 |    41 |    80 |    39 |    34 ||   294
       Ration            |       |       |       |       |       |     3 |     6 |    27 |    37 ||    73
Armor: Skin              |     9 |    40 |    58 |    45 |   107 |   158 |   391 |   801 |   969 ||  2578
Dodge: Dodged            |    92 |   133 |   354 |   459 |  1607 |   892 |   785 |  1819 |  2653 ||  8794
       Deflected         |       |       |       |       |       |    30 |    65 |    79 |    55 ||   229
